 Dungeon Crawl Stone Soup version 0.22-a0-619-ga0c6fd2 (webtiles) character file.

398 Gildeon the Insei (level 6, -1/47 HPs)
             Began as a Gnoll Transmuter on July 14, 2018.
             Slain by Pikel
             ... wielding a +0 whip of freezing
              (3 damage)
             ... on level 5 of the Dungeon.
             The game lasted 00:21:13 (4039 turns).

Gildeon the Insei (Gnoll Transmuter)                Turns: 4039, Time: 00:21:15

Health: -1/47      AC:  2    Str: 14    XL:     6   Next: 83%
Magic:  12/14      EV: 15    Int: 15    God:
Gold:   129        SH:  0    Dex: 16    Spells: 1/15 levels left

rFire    . . .     SeeInvis .     - Unarmed
rCold    . . .     Gourm    .   (no shield)
rNeg     . . .     Faith    .   b - +0 robe
rPois    .         Spirit   .   (no helmet)
rElec    .         Reflect  .   (no cloak)
rCorr    .         Harm     .   (no gloves)
MR       +....                  (boots currently unavailable)
Stlth    ++........             (no amulet)
HPRegen  0.15/turn              l - ring of wizardry
MPRegen  0.14/turn              p - ring of flight

@: confusing touch, appendage
A: distributed training, fangs 1, talons 3, magic resistance 1, screaming 1,
wild magic 1, strong nose
a: End Transformation, Evoke Flight


You were on level 5 of the Dungeon.
You were not hungry.
You had grown temporary talons.
You visited 1 branch of the dungeon, and saw 5 of its levels.

You collected 219 gold pieces.
You spent 90 gold pieces at shops.

Inventory:

Hand Weapons
 e - a +5 dagger of electrocution
Missiles
 a - 26 arrows
Armour
 b - a +0 robe (worn)
Jewellery
 i - an uncursed ring of ice {unknown}
 l - a ring of wizardry (left hand)
 p - a ring of flight (right hand)
Wands
 h - a wand of clouds (5)
 j - a wand of digging (13)
Scrolls
 c - 4 scrolls of remove curse
 q - a scroll of blinking
Potions
 f - a potion of berserk rage
 g - 3 potions of lignification
 k - a potion of curing
 m - a potion of brilliance
 o - a potion of agility {unknown}
Comestibles
 d - 12 rations


   Skills:
 + Level 3.3 Fighting
 + Level 2.1 Short Blades
 + Level 2.1 Long Blades
 + Level 2.1 Axes
 + Level 2.1 Maces & Flails
 + Level 2.1 Polearms
 + Level 2.1 Staves
 + Level 2.1 Slings
 + Level 2.1 Bows
 + Level 2.1 Crossbows
 + Level 2.1 Throwing
 + Level 2.1 Armour
 + Level 5.0 Dodging
 + Level 2.1 Stealth
 + Level 2.1 Shields
 + Level 6.9 Unarmed Combat
 + Level 5.4 Spellcasting
 + Level 1.6 Conjurations
 + Level 1.6 Hexes
 + Level 1.6 Charms
 + Level 1.6 Summonings
 + Level 1.6 Necromancy
 + Level 1.6 Translocations
 + Level 4.1 Transmutations
 + Level 1.6 Fire Magic
 + Level 1.6 Ice Magic
 + Level 1.6 Air Magic
 + Level 1.6 Earth Magic
 + Level 1.6 Poison Magic
 + Level 2.3 Invocations
 + Level 2.1 Evocations


You had one spell level left.
You knew the following spells:

 Your Spells              Type           Power        Failure   Level  Hunger
a - Beastly Appendage     Tmut           ###...       1%          1    None
b - Sticks to Snakes      Tmut           ###.....     2%          2    #......
c - Spider Form           Tmut/Pois      ###.......   9%          3    ###....
d - Ice Form              Ice/Tmut       ###.....     24%         4    ####...
e - Confusing Touch       Hex            ##....       4%          1    None
f - Confuse               Hex            ##......     13%         3    ###....

Your spell library contained the following spells:

 Spells                   Type           Power        Failure   Level  Hunger
 Blade Hands              Tmut           ###.......   36%         5    ######.
 Metabolic Englaciation   Hex/Ice        ##........   67%         5    ######.
 Petrify                  Tmut/Erth      ###.....     24%         4    ####...
 Gell's Gravitas          Tloc           ##........   13%         3    ###....
 Yara's Violent Unravell  Hex/Tmut       ###.......   52%         5    ######.


Dungeon Overview and Level Annotations

Branches:
Dungeon (5/15)
 Temple: D:4-7

Altars:
Ru

Shops:
D:4 ?

Annotations:
D:5 exclusion: hound, Pikel, Sigmund


Innate Abilities, Weirdness & Mutations

Your experience applies equally to all skills.
You have very sharp teeth.
Your uncanny sense of smell can sniff out nearby items.
You have claws for feet.
You are resistant to hostile enchantments. (MR+)
You occasionally shout uncontrollably at your foes.
Your spells are a little harder to cast, but a little more powerful.


Message History

* * * LOW HITPOINT WARNING * * *
You closely miss Pikel. You punch Pikel, but do no damage.
Pikel hits you with a whip of freezing.
* * * LOW HITPOINT WARNING * * *
Pikel freezes you.
* * * LOW HITPOINT WARNING * * *
The slave misses you.
You feel better. Pikel completely misses you. The slave hits you.
* * * LOW HITPOINT WARNING * * *
Your hands stop glowing.
Casting: Confusing Touch (safe; 4% risk of failure)
Confirm with . or Enter, or press ? or * to list all spells.
Your hands begin to glow red.
Pikel barely misses you.
Casting: Confusing Touch (safe; 4% risk of failure)
Confirm with . or Enter, or press ? or * to list all spells.
Your feet morph into talons.
The slave barely misses you. Pikel hits you with a whip of freezing!
* * * LOW HITPOINT WARNING * * *
Pikel freezes you.
You die...

#..## #...# #...###
##..# #>....#######
#..# #..........[##
##.# ...#######...#
#.# ...## ###.##
##.# ....# #..##
##..# .#..##
##..#######...#
###..##
#...@K....(..# #
###.##
##...p.......# ##.##
#########.....#
##.### #####
#........
#...###...###
##...#####
##..........##...###
# ##..............#
## ##.#####......##
.# ### ##.....#


You could see Pikel and a slave.

Vanquished Creatures
  A howler monkey (D:4)
  A hound (D:4)
  A bullfrog skeleton (D:4)
  3 orc priests
  A jelly (D:3)
  Ijyb (D:4)
  A gnoll (D:1)
  2 adders
  A shadow imp (D:5)
  An ooze (D:1)
  2 dart slugs
  2 leopard geckos
  8 orcs
  8 giant cockroaches
  8 goblins
  8 hobgoblins
  2 quokkas (D:2)
  2 ball pythons
  8 bats
  4 frilled lizards
  6 kobolds
  A quokka skeleton (D:4)
  9 rats
  A fungus (D:3)
82 creatures vanquished.

Vanquished Creatures (collateral kills)
  An ogre (D:4)
1 creature vanquished.

Grand Total: 83 creatures vanquished

Notes
Turn   | Place    | Note
-------+----------+-------------------------------------------
     0 | D:1      | Gildeon the Gnoll Transmuter began the quest for the Orb.
     0 | D:1      | Reached XP level 1. HP: 17/17 MP: 6/6
   268 | D:1      | Reached XP level 2. HP: 23/23 MP: 7/7
   339 | D:1      | Learned a level 2 spell: Sticks to Snakes
   427 | D:1      | Reached XP level 3. HP: 22/28 MP: 9/9
   432 | D:1      | Learned a level 3 spell: Spider Form
   597 | D:1      | Reached skill level 5 in Spellcasting
   747 | D:1      | Reached skill level 1 in Invocations
  1157 | D:2      | Reached skill level 1 in Short Blades
  1157 | D:2      | Reached skill level 1 in Long Blades
  1157 | D:2      | Reached skill level 1 in Axes
  1157 | D:2      | Reached skill level 1 in Maces & Flails
  1157 | D:2      | Reached skill level 1 in Polearms
  1157 | D:2      | Reached skill level 1 in Staves
  1157 | D:2      | Reached skill level 1 in Slings
  1157 | D:2      | Reached skill level 1 in Bows
  1157 | D:2      | Reached skill level 1 in Crossbows
  1157 | D:2      | Reached skill level 1 in Throwing
  1157 | D:2      | Reached skill level 1 in Armour
  1157 | D:2      | Reached skill level 1 in Stealth
  1157 | D:2      | Reached skill level 1 in Shields
  1157 | D:2      | Reached skill level 1 in Evocations
  1308 | D:2      | Reached XP level 4. HP: 32/34 MP: 11/11
  2070 | D:3      | Reached skill level 1 in Conjurations
  2070 | D:3      | Reached skill level 1 in Hexes
  2070 | D:3      | Reached skill level 1 in Charms
  2070 | D:3      | Reached skill level 1 in Summonings
  2070 | D:3      | Reached skill level 1 in Necromancy
  2070 | D:3      | Reached skill level 1 in Translocations
  2070 | D:3      | Reached skill level 1 in Fire Magic
  2070 | D:3      | Reached skill level 1 in Ice Magic
  2070 | D:3      | Reached skill level 1 in Air Magic
  2070 | D:3      | Reached skill level 1 in Earth Magic
  2070 | D:3      | Reached skill level 1 in Poison Magic
  2076 | D:3      | Learned a level 4 spell: Ice Form
  2100 | D:3      | Reached XP level 5. HP: 22/40 MP: 12/12
  2260 | D:3      | HP: 2/40 [dart slug/slug dart (8)]
  2788 | D:3      | Found a sacrificial altar of Ru.
  2832 | D:4      | Gained mutation: You occasionally shout uncontrollably at your foes. [potion of mutation]
  2832 | D:4      | Gained mutation: Your spells are a little harder to cast, but a little more powerful. [potion of mutation]
  2832 | D:4      | Gained mutation: You are resistant to hostile enchantments. (MR+) [potion of mutation]
  2903 | D:4      | Noticed an ogre
  2923 | D:4      | Killed an ogre
  2923 | D:4      | Reached XP level 6. HP: 8/47 MP: 2/13
  3287 | D:4      | Noticed Ijyb
  3301 | D:4      | Killed Ijyb
  3326 | D:4      | Got a warped dagger
  3327 | D:4      | Identified the +2 dagger "Athomiez" {pierce, *Slow +Fly rPois Str-3 Dex+8} (You found it on level 4 of the Dungeon)
  3420 | D:4      | Learned a level 1 spell: Confusing Touch
  3424 | D:4      | Learned a level 3 spell: Confuse
  3442 | D:4      | Found Hotekloe's Magic Scroll Emporium.
  3450 | D:4      | Bought a scroll of enchant weapon for 90 gold pieces
  3549 | D:4      | Reached skill level 5 in Dodging
  3867 | D:5      | Entered Level 5 of the Dungeon
  3905 | D:5      | Noticed Sigmund
  3997 | D:5      | Noticed a slave
  3999 | D:5      | Noticed Pikel
  4039 | D:5      | HP: 2/47 [Pikel/whip of freezing (12)]
  4039 | D:5      | Slain by Pikel

Vault maps used:
D:1:      nicolae_arrival_washed_ashore
D:3:      nicolae_ru_the_path_less_chosen
D:4:      serial_shops, kennysheep_mini, kennysheep_generic_room_4, uniq_ijyb
D:5:      first_ration, uniq_pikel, uniq_sigmund

Skill      XL: |  1  2  3  4  5  6 |
---------------+-------------------+-----
Spellcasting   | 5 |  5.4
Invocations    | 1 2 |  2.3
Short Blades   | 1 2 |  2.1
Long Blades    | 1 2 |  2.1
Axes           | 1 2 |  2.1
Maces & Flails | 1 2 |  2.1
Polearms       | 1 2 |  2.1
Staves         | 1 2 |  2.1
Slings         | 1 2 |  2.1
Bows           | 1 2 |  2.1
Crossbows      | 1 2 |  2.1
Throwing       | 1 2 |  2.1
Armour         | 1 2 |  2.1
Stealth        | 1 2 |  2.1
Shields        | 1 2 |  2.1
Evocations     | 1 2 |  2.1
Conjurations   | 1 |  1.6
Hexes          | 1 |  1.6
Charms         | 1 |  1.6
Summonings     | 1 |  1.6
Necromancy     | 1 |  1.6
Translocations | 1 |  1.6
Fire Magic     | 1 |  1.6
Ice Magic      | 1 |  1.6
Air Magic      | 1 |  1.6
Earth Magic    | 1 |  1.6
Poison Magic   | 1 |  1.6
Fighting       | 3 |  3.3
Transmutations | 4 |  4.1
Dodging        | 5 |  5.0
Unarmed Combat | |  6.9

Action                   |  1- 3 |  4- 6 || total
-------------------------+-------+-------++-------
Melee: Unarmed           |    85 |   144 ||   229
       Kick              |     6 |     5 ||    11
       Headbutt          |     2 |     6 ||     8
       Punch             |     4 |     3 ||     7
       Bite              |     5 |    16 ||    21
       Dagger            |     2 |     9 ||    11
 Cast: Beastly Appendage |    12 |     9 ||    21
       Sticks to Snakes  |       |     4 ||     4
       Confusing Touch   |       |     3 ||     3
  Use: Scroll            |     5 |    12 ||    17
       Potion            |       |     3 ||     3
 Stab: Sleeping          |       |     1 ||     1
  Eat: Chunk             |     1 |     3 ||     4
       Ration            |       |     2 ||     2
Armor: Robe              |    15 |    11 ||    26
Dodge: Dodged            |    56 |    99 ||   155

Table legend:
 A = Spawn XP
 B = Non-spawn XP
 C = Spawn XP percentage of total XP
 D = Spawn monster count
 E = Non-spawn monster count
 F = Spawn count percentage of total count
 G = Total turns spent on level
                    A         B        C        D         E        F      G
               +---------+---------+-------+---------+---------+-------+---------
         Total |       0 |     569 |   0.0 |       0 |      82 |   0.0 |  4039
               +---------+---------+-------+---------+---------+-------+---------
           D:1 |       0 |      62 |   0.0 |       0 |      27 |   0.0 |  1068
           D:2 |       0 |      49 |   0.0 |       0 |      20 |   0.0 |   874
           D:3 |       0 |     125 |   0.0 |       0 |      19 |   0.0 |   875
           D:4 |       0 |     233 |   0.0 |       0 |      10 |   0.0 |  1050
           D:5 |       0 |     100 |   0.0 |       0 |       6 |   0.0 |   172
               +---------+---------+-------+---------+---------+-------+---------
